 Dungeon Crawl Stone Soup version 0.26-a0-651-gb41185065b (webtiles) character file.

Game seed: 12020085998477870133

139 grandjackal the Slasher (level 5, 40/41 HPs)
             Began as a Demonspawn Gladiator on Sept 30, 2020.
             Quit the game on level 3 of the Dungeon.
             The game lasted 00:02:33 (2080 turns).

grandjackal the Slasher (Demonspawn Gladiator)      Turns: 2080, Time: 00:02:33

Health: 40/41      AC: 10    Str: 16    XL:     5   Next: 1%
Magic:  5/5        EV: 12    Int:  9    God:
Gold:   118        SH:  0    Dex: 14    Spells: 4/4 levels left

rFire    . . .     SeeInvis .   a - +0 long sword
rCold    . . .     Faith    .   (no shield)
rNeg     . . .     Spirit   .   e - +0 ring mail
rPois    .         Reflect  .   c - +0 helmet
rElec    .         Harm     .   m - +0 cloak
rCorr    .         Rampage  .   (no gloves)
MR       .....                  (no boots)
Stlth    +.........             (no amulet)
HPRegen  0.13/turn              (no ring)
MPRegen  0.09/turn              (no ring)

@: no status effects
A: claws 1, molten scales 2, powered by pain 1
a: no special abilities


You were on level 3 of the Dungeon.
You visited 1 branch of the dungeon, and saw 3 of its levels.

You collected 118 gold pieces.

Inventory:

Hand Weapons
 a - a +0 long sword (weapon)
Missiles
 d - 3 throwing nets (quivered)
Armour
 c - a +0 helmet (worn)
 e - a +0 ring mail (worn)
 m - a +0 cloak (worn)
Scrolls
 b - 4 scrolls of teleportation {unknown}
 g - a scroll of blinking {unknown}
 h - 5 scrolls of identify {unknown}
 i - a scroll of remove curse {unknown}
 k - a scroll of enchant weapon {unknown}
 o - a scroll of magic mapping {unknown}
 p - a scroll of fear {unknown}
 q - a scroll of amnesia {unknown}
Potions
 f - a potion of might {unknown}
 j - 2 potions of curing {unknown}
 l - 2 potions of lignification {unknown}
 n - a potion of invisibility {unknown}


   Skills:
 + Level 3.0 Fighting
 + Level 3.5 Long Blades
 - Level 1.7 Throwing
 + Level 1.9 Armour
 + Level 3.4 Dodging


You had 4 spell levels left.
You didn't know any spells.
Your spell library contained the following spells:

 Spells                   Type           Power        Failure   Level
 Confusing Touch          Hex            #.......     92%         3
 Gell's Gravitas          Tloc           #.........   92%         3
 Petrify                  Tmut/Erth      #.......     100%        4
 Metabolic Englaciation   Hex/Ice        #.........   100%        5
 Yara's Violent Unravell  Hex/Tmut       #.........   100%        5


Dungeon Overview and Level Annotations

Branches:
Dungeon (3/15)

Altars:
Ru
Uskayaw


Innate Abilities, Weirdness & Mutations

You have sharp fingernails.
You are mostly covered in molten scales. (AC +3)
You sometimes gain a little power by taking damage.


Message History

The goblin wields a +0 hunting sling.
The goblin shoots a stone.
The stone misses you.
A goblin is nearby!
An orc comes into view.
The orc shouts!
The goblin shoots a stone.
The stone hits you but does no damage.
You see here a stone.
You barely miss the goblin.
The goblin unwields a +0 hunting sling.
The goblin hits you.
You miss the goblin. The goblin closely misses you. The orc closely misses you.
You riposte.
You slash the orc!
You kill the orc!
You have reached level 5!
Your demonic ancestry asserts itself...
Your fingernails lengthen.
You hit the goblin.
You kill the goblin!
No target in view!
No target in view!
Are you sure you want to abandon this character and quit the game? (Confirm with "yes".)

.#########
.........#
######### ##...#.#
#.......# #......#
#.#####.#
##...#.###.#####.##
###
##.##.......^....#
..#
#.######.##.##..#
#.# #.# #.##.##..#
#.# ##'##
#..)@(...#
#.###...##
#.###†##.#
#.##.....##
#........#
#.#.......#
####..####
#..........# ...#
...........'. .....
...........####....
###.......## #....
##.....##


There were no monsters in sight!

Vanquished Creatures
  4 gnolls (D:2)
  3 adders
  A worm (D:3)
  2 dart slugs (D:1)
  A leopard gecko (D:1)
  An orc (D:3)
  7 bats
  A giant cockroach (D:1)
  8 goblins
  9 hobgoblins
  3 jackals (D:1)
  8 kobolds
  2 quokkas
  A ball python (D:2)
  5 frilled lizards
  8 rats
64 creatures vanquished.

Notes
Turn   | Place    | Note
-------+----------+-------------------------------------------
     0 | D:1      | grandjackal the Demonspawn Gladiator began the quest for
                  | the Orb.
     0 | D:1      | Reached XP level 1. HP: 16/16 MP: 1/1
   311 | D:1      | Gained mutation: You are partially covered in molten
                  | scales. (AC +2) [demonic ancestry]
   311 | D:1      | Reached XP level 2. HP: 17/22 MP: 2/2
   609 | D:1      | Reached skill level 1 in Armour
   673 | D:1      | Gained mutation: You are mostly covered in molten scales.
                  | (AC +3) [demonic ancestry]
   673 | D:1      | Reached XP level 3. HP: 27/28 MP: 3/3
  1414 | D:2      | Gained mutation: You sometimes gain a little power by
                  | taking damage. [demonic ancestry]
  1414 | D:2      | Reached XP level 4. HP: 34/34 MP: 4/4
  1658 | D:2      | Found a sacrificial altar of Ru.
  1663 | D:2      | Found a hide-covered altar of Uskayaw.
  2078 | D:3      | Gained mutation: You have sharp fingernails. [demonic
                  | ancestry]
  2078 | D:3      | Reached XP level 5. HP: 40/41 MP: 5/5
  2080 | D:3      | Quit the game

Illustrated notes

Levels and vault maps discovered:
D:1:      dpeg_arrival_arbitrary_c, layout_loops_corners
D:2:      layout_rooms, minitemple
D:3:      layout_loops_corners, marbit_many_paths, grunt_ministairs_2,
          uniq_crazy_yiuf_cottage

Skill      XL: |  1  2  3  4 |
---------------+-------------+-----
Long Blades    | 3 |  3.5
Dodging        | 3 |  3.4
Armour         | 1 |  1.9
Fighting       | 3 |  3.0
Throwing       | |  1.7

Action                   |  1- 3 |  4- 6 || total
-------------------------+-------+-------++-------
Melee: Long sword        |   101 |    64 ||   165
Armor: Ring mail         |    48 |    35 ||    83
Dodge: Dodged            |    60 |    51 ||   111
       Rpst.: Long sword |    15 |    12 ||    27

Table legend: (Time is in decaauts)
 A = Elapsed time spent in this place.
 B = Non-inter-level travel time spent in this place.
 C = Inter-level travel time spent in this place.
 D = Time resting spent in this place.
 E = Time spent auto-exploring this place.
 F = Levels seen in this place.
 G = Mean time per level.
                   A        B        C        D        E       F      G
               +--------+--------+--------+--------+--------+-----+--------+
         Total |   2119 |   2082 |     37 |    125 |   1525 |   3 |  706.3 |
       Dungeon |   2119 |   2082 |     37 |    125 |   1525 |   3 |  706.3 |
               +--------+--------+--------+--------+--------+-----+--------+

Top non-repeatable levels by time:
     D:1: 1170 daAuts
     D:2: 682 daAuts
     D:3: 266 daAuts
